AoeStats
← Pony_Lord_AK47

Arena

509342050Analyzed
1v1 RM · 6d ago on Sep 26, 2026· 37m 36s· 2 players
Game mode
Random Map
Map size
Tiny (2 player)
Population
200
Speed
Normal
Resources
Standard
Victory
Conquest
Starting age
Dark Age
Ending age
Imperial Age
RankedLock teamsTeams togetherTeam positionsShared explorationLock speedFull tech treeHidden civsTurbo modeCheats
Victory
Defeat
🇦🇷 Mongols · Argentina
1104
+17
🇺🇸 Saxons · United States
1126
-17
elandres550
2:50 Loom
11:55 Feudal Age
15:46 Castle Age
16:34 Wheelbarrow
16:36 Double-Bit Axe
18:14 Horse Collar
21:21 Bow Saw
28:22 Imperial Age
26:13 Fletching
26:23 Padded Archer Armor
26:34 Heavy Plow
26:32 Stone Mining
27:23 Gold Mining
28:09 Stone Shaft Mining
27:54 Bloodlines
27:45 Husbandry
28:52 Gold Shaft Mining
29:35 Hand Cart
29:56 Parthian Tactics
29:28 Bodkin Arrow
29:54 Thumb Ring
31:12 Leather Archer Armor
31:30 Elite Mangudai
33:00 Bracer
35:08 Chemistry
35:14 Ballistics
Pony_Lord_AK47
10:02 Feudal Age
14:13 Castle Age
12:15 Loom
13:01 Double-Bit Axe
13:43 Horse Collar
14:38 Town Watch
16:20 Wheelbarrow
23:07 Squires
23:50 Devotion
26:07 Gold Mining
26:08 Stone Mining
27:16 Heavy Plow
27:39 Fletching
27:50 Padded Archer Armor
28:33 Herbal Medicine
29:10 Hand Cart
29:17 Scale Mail Armor
29:14 Bodkin Arrow
29:29 Forging
30:30 Chain Mail Armor
33:29 Imperial Age
31:35 Bow Saw
33:26 Iron Casting
33:28 Gold Shaft Mining
32:22 Pikeman
34:32 Conscription
34:01 Shield Wall
37:02 Elite Varangian Guard
37:54 Thumb Ring
37:10 Elite Skirmisher
Connection lost

Rejoining the realm…

Still unreachable

The connection could not be restored.

Session expired

The server has moved on; the page needs a fresh start.